Description

200 De pop en 10 mins Fusion core Starport

Build Order

Get SALT Encoding   

  14  0:19  Supply Depot  
  16  0:45  Barracks  
  16  0:51  Refinery  Done at 1:15
  19  1:30  Orbital Command  
  19  1:33  Barracks Reactor  Constant 2x marines
  19  1:45  Command Center  
  20  2:05  Supply Depot  
  23  2:20  Factory  
  26  2:35  Bunker  
  31  3:20  Factory Tech Lab  Build 1 Cyclone then full tank
  33  3:21  Starport  Build 1 Viking
  34  3:35  Refinery  
  40  3:45  Supply Depot  
  56  4:35  Barracks x2  
  61  4:50  Starport Reactor  Switch with barracks
  65  5:00  Engineering Bay x2  
  70  5:20  Refinery x2  
  75  5:30  Stimpack  
  80  6:00  Barracks  
  90  6:30  Barracks  
Spawning Tool Build Advisor. Get it on Overwolf

Go to:

Details

  • Created by: heiz3r
  • Published on: Apr 21, 2020
  • Modified on: Apr 21, 2020
  • Patch: 4.11.0
Show
View Real Time Build Order
Export as new Build Order

Comments (1)

On May 12, 2020, 7:54 p.m., voxkoshka  said:

This doesn't make it as far as fusion core?

Create an account to comment!